 Dungeon Crawl Stone Soup version 0.21.1-1-g345015fe64 (webtiles) character file.

7895 Htamos the Martial Artist (level 11, -11/53 HPs)
             Began as a Spriggan Berserker on July 1, 2018.
             Was a High Priest of Trog.
             Killed from afar by Josephine (16 damage)
             ... with a ghostly fireball
             ... on level 9 of the Dungeon.
             The game lasted 00:56:41 (17942 turns).

Htamos the Martial Artist (Spriggan Berserker)     Turns: 17942, Time: 00:56:41

Health: -11/53     AC:  3    Str: 14    XL:     11   Next: 2%
Magic:  0/12       EV: 20    Int:  9    God:    Trog [*****.]
Gold:   447        SH:  6    Dex: 18    Spells: 10/10 levels left

rFire    . . .     SeeInvis +     - Unarmed
rCold    . . .     Gourm    .   f - +1 buckler
rNeg     . . .     Faith    .   a - +0 animal skin
rPois    .         Spirit   +   (helmet restricted)
rElec    .         Reflect  .   j - +0 cloak
rCorr    .         Harm     .   (gloves unavailable)
MR       +....     Rnd*Tele +   (boots unavailable)
Stlth    +++.......             l - amulet of guardian spirit
HPRegen  0.17/turn              p - ring of teleportation (curse)
MPRegen  0.13/turn              (no ring)

@: heavily drained, very quick
A: very small, unfitting armour, see invisible, herbivore, speed 3, slow
metabolism 2
a: Berserk, Trog's Hand, Brothers in Arms, Burn Spellbooks, Renounce Religion


You were on level 9 of the Dungeon.
You worshipped Trog.
Trog was extremely pleased with you.
You were not hungry.

You visited 1 branch of the dungeon, and saw 10 of its levels.

You collected 447 gold pieces.

Inventory:

Hand Weapons
 i - a +4 quarterstaff of chaos
Missiles
 o - 3 throwing nets (quivered)
Armour
 a - a +0 animal skin (worn)
 f - a +1 buckler (worn)
 j - a +0 cloak (worn)
Magical Staves
 q - an uncursed staff of fire {unknown}
Jewellery
 l - an amulet of guardian spirit (around neck)
 p - a cursed ring of teleportation (left hand)
 s - an uncursed ring of positive energy {unknown}
 x - an uncursed amulet of guardian spirit
 A - a cursed ring of teleportation
Wands
 w - a wand of clouds (4)
Scrolls
 h - a scroll of magic mapping
 m - 2 scrolls of immolation
 r - 4 scrolls of teleportation
 u - a scroll of fog
 y - a scroll of amnesia
 B - a scroll of enchant weapon
Potions
 c - 2 potions of brilliance
 d - 2 potions of flight
 e - 3 potions of curing
 g - 2 potions of mutation
 k - a potion of resistance
 n - 2 potions of degeneration {unknown}
 t - 2 potions of invisibility {unknown}
 v - a potion of haste {unknown}
 z - a potion of lignification {unknown}
Comestibles
 b - 24 rations


   Skills:
 + Level 4.0(1.8) Fighting
 - Level 7.5(5.1) Dodging
 - Level 6.4(4.0) Stealth
 - Level 0.3(0.0) Shields
 * Level 12.8(10.0) Unarmed Combat


You had 10 spell levels left.
You didn't know any spells.

Dungeon Overview and Level Annotations

Branches:
Dungeon (10/15)            Temple (0/1) D:5            Lair (0/6) D:9
    Orc: D:9-12

Altars:
Ashenzari
Cheibriados
Elyvilon
Gozag
Hepliaklqana
Kikubaaqudgha
Ru
Sif Muna
Trog
Uskayaw
Xom

Shops:
D:8 (

Annotations:
D:5 Grinder
D:7 Tali's ghost, novice MiFi
D:9 Josephine


Innate Abilities, Weirdness & Mutations

You are very small and have problems with some larger weapons.
You are too small for most types of armour.
You have supernaturally acute eyesight. (SInv)
You are a herbivore.
You cover ground extremely quickly.
You need consume almost no food.


Message History

You punch Josephine!
Josephine is heavily wounded.
Josephine closely misses you.
You hit Josephine.
Josephine is heavily wounded.
Josephine hits you with a dagger!
You hit Josephine.
Josephine is heavily wounded.
You punch Josephine!
Josephine is severely wounded.
Josephine hits you with a dagger!
You hit Josephine but do no damage.
Josephine is severely wounded.
Josephine points at you and mumbles some strange words.
The ghostly flame explodes!
The ghostly fireball engulfs you!
You feel drained.
* * * LOW HITPOINT WARNING * * *
The ghostly fireball engulfs Josephine.
Josephine completely resists.
Josephine points at you and mumbles some strange words.
The ghostly flame explodes!
The ghostly fireball engulfs you!
You feel drained.
You die...

### #.# ######## #.# .'.....#
#.####### .#.[...### #.......#
###'''##.#########.......#
≈≈.....#....>@...........#
≈≈.....#........@........#
≈≈.....#....######.......#
≈......######....##'##...#
P≈.≈.≈.#.............#...#######
###.####.............#.........#
....#................#.........#
....#................#.........#
###)#.......PP.....###.........#
..#.#....P.♣.....♣.#...........#


You could see Josephine.

Vanquished Creatures
  A hydra (D:9)
  The ghost of patthesweetcat the Thaumaturge, a novice DESu of Sif Muna (D:6)
  2 dream sheep (D:9)
  A shadow (D:8)
  21 yaks
  A basilisk (D:9)
  A water moccasin (D:8)
  2 porcupines (D:9)
  2 sky beasts
  A phantom (D:5)
  A black bear (D:6)
  An ice beast (D:9)
  2 ogres
  3 centaurs
  A crocodile (D:9)
  4 big kobolds
  3 bullfrogs
  A gnoll sergeant (D:4)
  A wyvern zombie (D:9)
  2 scorpions
  4 crimson imps
  A quasit (D:6)
  2 jellies
  Crazy Yiuf (D:2)
  5 hounds
  7 orc wizards
  4 orc priests
  A centaur skeleton (D:8)
  A bullfrog skeleton (D:5)
  3 iguanas
  9 worker ants
  A hound zombie (D:5)
  2 hound skeletons (D:5)
  A worker ant zombie (D:8)
  4 adders
  10 gnolls
  A shadow imp (D:6)
  2 oozes
  An adder zombie (D:5)
  An adder skeleton (D:5)
  3 worms
  4 dart slugs
  5 leopard geckos
  21 orcs
  3 ball pythons
  9 bats
  7 giant cockroaches
  5 goblins
  10 hobgoblins
  4 jackals
  4 quokkas
  6 frilled lizards
  13 kobolds
  2 leopard gecko skeletons
  2 leopard gecko zombies
  A quokka skeleton (D:3)
  A quokka zombie (D:5)
  2 rats
  A plant (D:9)
216 creatures vanquished.

Vanquished Creatures (others)
  An orc (D:6)
  6 bushes (D:9)
  3 fungi (D:9)
  13 plants (D:9)
23 creatures vanquished.

Grand Total: 239 creatures vanquished

Notes
Turn   | Place    | Note
-------+----------+-------------------------------------------
     0 | D:1      | Htamos the Spriggan Berserker began the quest for the Orb.
     0 | D:1      | Reached XP level 1. HP: 11/11 MP: 2/2
   102 | D:1      | Reached XP level 2. HP: 16/16 MP: 3/3
   559 | D:1      | Reached skill level 1 in Stealth
   896 | D:2      | Reached XP level 3. HP: 19/19 MP: 4/4
   982 | D:2      | Reached skill level 5 in Dodging
  1016 | D:2      | Reached skill level 3 in Unarmed Combat
  1025 | D:2      | Reached ** piety under Trog
  1202 | D:2      | Found a faded altar of an unknown god.
  1370 | D:2      | Found a runed door.
  1374 | D:2      | Noticed Crazy Yiuf
  1386 | D:2      | Killed Crazy Yiuf
  1386 | D:2      | Reached XP level 4. HP: 18/23 MP: 3/5
  2067 | D:3      | Noticed a big kobold
  2350 | D:2      | Reached skill level 4 in Unarmed Combat
  2672 | D:3      | Found a snail-covered altar of Cheibriados.
  2803 | D:3      | Reached XP level 5. HP: 27/27 MP: 6/6
  3133 | D:3      | Noticed a sky beast
  3281 | D:3      | Noticed a centaur
  3545 | D:3      | Killed a centaur
  3795 | D:3      | Reached skill level 5 in Unarmed Combat
  3795 | D:3      | Reached XP level 6. HP: 32/32 MP: 5/7
  4133 | D:3      | Found a white marble altar of Elyvilon.
  4345 | D:2      | Killed a sky beast
  4677 | D:4      | Reached *** piety under Trog
  5371 | D:4      | Reached XP level 7. HP: 35/35 MP: 8/8
  5416 | D:4      | Reached skill level 6 in Unarmed Combat
  5882 | D:5      | Entered Level 5 of the Dungeon
  6154 | D:5      | Found a bloodstained altar of Trog.
  7041 | D:5      | Reached skill level 7 in Unarmed Combat
  7276 | D:4      | Reached skill level 5 in Stealth
  7276 | D:4      | Reached XP level 8. HP: 12/39 MP: 4/9
  7846 | D:5      | Found a staircase to the Ecumenical Temple.
  7849 | D:5      | Noticed Grinder
  9384 | D:6      | Found an opulent altar of Gozag.
  9403 | D:6      | Noticed patthesweetcat's ghost (novice DESu)
  9474 | D:6      | Killed patthesweetcat's ghost
  9474 | D:6      | Reached skill level 8 in Unarmed Combat
 10364 | D:7      | Noticed Tali's ghost (novice MiFi)
 10502 | D:6      | Reached skill level 9 in Unarmed Combat
 10684 | D:6      | Reached **** piety under Trog
 10818 | D:6      | Reached XP level 9. HP: 26/44 MP: 8/10
 11577 | D:7      | Found a deep blue altar of Sif Muna.
 11627 | D:7      | Found a hide-covered altar of Uskayaw.
 12949 | D:8      | Found a sacrificial altar of Ru.
 12949 | D:8      | Found a shimmering altar of Xom.
 12949 | D:8      | Found an ancient bone altar of Kikubaaqudgha.
 13178 | D:8      | Found Mutac's Weapon Shoppe.
 13673 | D:8      | Reached skill level 10 in Unarmed Combat
 14247 | D:9      | Noticed a dagger
 14248 | D:9      | Found a hide-covered altar of Uskayaw.
 14252 | D:9      | Noticed a hand axe
 14613 | D:9      | Found a hazy altar of Hepliaklqana.
 14867 | D:9      | Found a staircase to the Lair.
 15081 | D:9      | Reached XP level 10. HP: 39/49 MP: 8/11
 15148 | D:9      | Reached skill level 11 in Unarmed Combat
 16330 | D:8      | Reached ***** piety under Trog
 16788 | D:9      | Reached skill level 12 in Unarmed Combat
 16810 | D:9      | Noticed a three-headed hydra
 17070 | D:9      | Killed a three-headed hydra
 17288 | D:9      | Found a shattered altar of Ashenzari.
 17441 | D:10     | Entered Level 10 of the Dungeon
 17482 | D:10     | Reached XP level 11. HP: 34/53 MP: 8/12
 17672 | D:10     | Noticed an unseen horror
 17742 | D:10     | Noticed Josephine
 17942 | D:9      | Killed from afar by Josephine

Skill      XL: |  1  2  3  4  5  6  7  8  9 10 |
---------------+-------------------------------+-----
Stealth        | 1 3 5 6 |  6.4
Dodging        | 5 7 |  7.5
Unarmed Combat | 3 4 5 7 9 10 12 | 12.8
Fighting       | 3 4 |  4.0
Shields        | |  0.3

Action                   |  1- 3 |  4- 6 |  7- 9 | 10-12 || total
-------------------------+-------+-------+-------+-------++-------
Melee: Unarmed           |   149 |   241 |   680 |   263 ||  1333
       Punch             |       |     5 |     1 |       ||     6
Throw: Throwing net      |       |       |       |     3 ||     3
  Use: Scroll            |       |       |    13 |     2 ||    15
 Stab: Sleeping          |    10 |     3 |    10 |       ||    23
       Invisible         |     2 |       |       |       ||     2
       Distracted        |       |     2 |       |       ||     2
       Held in net/web   |       |       |       |     1 ||     1
  Eat: Ration            |       |     1 |     5 |     2 ||     8
Armor: Animal skin       |     6 |    13 |    34 |     6 ||    59
Dodge: Dodged            |   107 |   175 |   429 |   113 ||   824
Block: Buckler           |       |       |   148 |    30 ||   178
